 Dungeon Crawl Stone Soup version 0.30-a0-585-g93115170b9 (webtiles) character file.

Game seed: 15720963979681985044

202 cforsyth the Ruffian (level 5, 0/48 HPs)
             Began as a Ghoul Monk on Jan 2, 2023.
             Slain by an orc priest
             ... wielding a +1 heavy hand axe
              (5 damage)
             ... on level 4 of the Dungeon on Jan 3, 2023.
             The game lasted 00:04:08 (2707 turns).

cforsyth the Ruffian (Ghoul Monk)                   Turns: 2707, Time: 00:04:09

Health: 0/48       AC:  6    Str: 17    XL:     5   Next: 80%
Magic:  4/4        EV: 12    Int:  5    God:
Gold:   70         SH:  0    Dex: 11    Spells: 4/4 levels left

rFire   . . .      SeeInvis .      - Unarmed
rCold   + . .      Faith    .    (no shield)
rNeg    + + +      Spirit   .    a - +0 robe
rPois   ∞          Reflect  .    (no helmet)
rElec   .          Harm     .    p - +0 cloak
rCorr   .          Rampage  .    (no gloves)
Will    .....                    o - +2 pair of boots
Stlth   ++                       (no amulet)
HPRegen 0.00/turn                (no ring)
MPRegen 0.09/turn                (no ring)

@: inhibited regen
A: claws 1, cold resistance 1, negative energy resistance 3, inhibited
regeneration, torment resistance 2, devour on kill
a: no special abilities


You were on level 4 of the Dungeon.
You visited 1 branch of the dungeon, and saw 4 of its levels.

You collected 70 gold pieces.

Inventory:

Armour
 a - a +0 robe (worn)
 o - a +2 pair of boots (worn)
 p - a +0 cloak (worn)
Jewellery
 h - an amulet of faith
 i - a ring of resist corrosion
Wands
 b - a wand of digging (7)
 q - a wand of charming (8)
Scrolls
 e - a scroll of enchant armour {unknown}
 g - a scroll of amnesia {unknown}
 j - a scroll of blinking {unknown}
 l - a scroll of fog {unknown}
 m - a scroll of poison {unknown}
 n - a scroll of noise {unknown}
 r - a scroll of teleportation {unknown}
 s - a scroll of brand weapon {unknown}
Potions
 c - a potion of curing {unknown}
 d - a potion of heal wounds {unknown}
 f - a potion of resistance
 k - a potion of attraction
 t - 2 potions of might {unknown}


   Skills:
 + Level 5.4 Fighting
 - Level 2.6 Dodging
 - Level 2.1 Stealth
 + Level 5.4 Unarmed Combat


You had 4 spell levels left.
You didn't know any spells.
Your spell library contained the following spells:

 Spells                   Type           Power      Damage    Failure   Level
 Apportation              Tloc           0%         N/A       47%         1
 Necrotise                Necr           0%         1d4       47%         1
 Summon Small Mammal      Summ           0%         N/A       47%         1


Dungeon Overview and Level Annotations

Branches:
Dungeon (4/15)
 Temple: D:4-7

Altars:


Innate Abilities, Weirdness & Mutations

You are immune to poison.
You have sharp fingernails.
Your flesh is cold resistant. (rC+)
You are immune to negative energy. (rN+++)
You do not regenerate when monsters are visible.
You are immune to unholy pain and torment.
You thrive by killing the living.


Message History

You see here a +0 robe.
A dart slug comes into view.
A goblin comes into view. It is wielding a +0 hand axe.
An orc priest comes into view. It is wielding a +1 heavy hand axe.
The goblin shouts!
You hear a shout! x3
The goblin attacks as you move away! The goblin hits you with a +0 hand axe.
The orc priest mumbles some strange prayers to Beogh against you.
Beogh smites you!
You see here a +0 robe.
The goblin attacks as you move away! The goblin hits you but does no damage.
The goblin attacks as you move away! The goblin misses you.
The goblin attacks as you move away! The goblin closely misses you.
You claw the goblin!
You kill the goblin!
You feel better.
Things that are here:
a +0 hand axe; a goblin corpse The orc priest closely misses you.
You scratch the orc priest but do no damage.
The orc priest enters a dispersal trap!
The orc priest blinks! x2; You blink.
The orc priest barely misses you.
An orc priest comes into view. It is wielding a +0 club.
The orc shouts!
The orc priest shouts!
You scratch the orc priest.
The orc priest is moderately wounded.
You hear a shout!
An orc comes into view. It is wielding a +0 club.
The orc priest completely misses you.
You claw the orc priest!
The orc priest is severely wounded.
You scratch the orc priest.
The orc priest is almost dead.
The orc priest hits you with a +1 heavy hand axe.
You closely miss the orc priest.
The orc priest is almost dead.
The orc priest invokes the aid of Beogh against you.
Beogh smites you!
* * * LOW HITPOINT WARNING * * *
The orc priest hits you with a +1 heavy hand axe.
You die...

. ##..........## ..
#..............#
#...##.............+ #
....#...#.........# ##.
#.⌠.....#.........#
#...#...#...#.........#
#...##.##...#......!..#
.........[............#
...........ooo.@o[....#
#.o....)..<........#
#o.o.#####.........##
#....######.........#
#......)..............
#..[..................
#####.....................
........................#.
...o.....######.........#


You could see 2 orc priests and 2 orcs.

Vanquished Creatures
  An iguana (D:4)
  4 gnolls (D:4)
  4 adders (D:3)
  A dart slug (D:3)
  4 orcs
  6 ball pythons
  7 endoplasms
  3 giant cockroaches
  13 hobgoblins
  8 jackals
  10 kobolds
  2 quokkas
  8 bats
  6 frilled lizards
  9 goblins
  A rat (D:3)
87 creatures vanquished.

Notes
Turn   | Place    | Note
-------+----------+-------------------------------------------
     0 | D:1      | cforsyth the Ghoul Monk began the quest for the Orb.
     0 | D:1      | Reached XP level 1. HP: 19/19 MP: 0/0
   191 | D:1      | Reached XP level 2. HP: 5/26 MP: 1/1
   719 | D:1      | Reached XP level 3. HP: 33/33 MP: 2/2
  1241 | D:2      | Found a faded altar of an unknown god.
  1402 | D:2      | Reached XP level 4. HP: 41/41 MP: 3/3
  2128 | D:3      | Reached XP level 5. HP: 34/47 MP: 4/4
  2587 | D:4      | Reached skill level 5 in Fighting
  2587 | D:4      | Reached skill level 5 in Unarmed Combat
  2707 | D:4      | Slain by an orc priest

Illustrated notes

Levels and vault maps discovered:
D:1:      spicycebolla_arrival_clurvy, layout_basic
D:2:      layout_basic, hellmonk_ecumenical_altar_prayer_group
D:3:      layout_basic, lemuel_tele_altar
D:4:      layout_basic, enter_ossuary_3, serial_shops,
          nicolae_shop_hallway_stairs, grunt_ministairs_13,
          nicolae_shop_firing_range

Skill      XL: |  1  2  3  4  5 |
---------------+----------------+-----
Fighting       | 4 5 |  5.4
Unarmed Combat | 4 5 |  5.4
Dodging        | |  2.6
Stealth        | |  2.1

Action                   |  1- 3 |  4- 6 || total
-------------------------+-------+-------++-------
Melee: Unarmed           |   140 |   168 ||   308
       Punch             |     2 |     2 ||     4
  Use: Scroll            |       |     4 ||     4
       Potion            |       |     1 ||     1
 Stab: Sleeping          |     5 |     4 ||     9
Armor: Robe              |    32 |    57 ||    89
Dodge: Dodged            |    92 |   106 ||   198

Table legend: (Time is in decaauts)
 A = Elapsed time spent in this place.
 B = Non-inter-level travel time spent in this place.
 C = Inter-level travel time spent in this place.
 D = Time resting spent in this place.
 E = Time spent auto-exploring this place.
 F = Levels seen in this place.
 G = Mean time per level.
                   A        B        C        D        E       F      G
               +--------+--------+--------+--------+--------+-----+--------+
         Total |   2681 |   2594 |     87 |      0 |   1919 |   4 |  670.2 |
       Dungeon |   2681 |   2594 |     87 |      0 |   1919 |   4 |  670.2 |
               +--------+--------+--------+--------+--------+-----+--------+

Top non-repeatable levels by time:
     D:1: 1081 daAuts
     D:3: 766 daAuts
     D:2: 702 daAuts
     D:4: 131 daAuts
